 Dungeon Crawl Stone Soup version 0.22-a0-283-g1871b15 (webtiles) character file.

353 newphone the Slasher (level 6, 0/41 HPs)
             Began as a Halfling Skald on Mar 18, 2018.
             Succumbed to an adder's poison
             ... on level 4 of the Dungeon.
             The game lasted 00:10:47 (4562 turns).

newphone the Slasher (Halfling Skald)               Turns: 4562, Time: 00:10:48

Health: 0/41       AC:  6    Str: 13    XL:     6   Next: 94%
Magic:  1/8        EV: 15    Int: 11    God:
Gold:   158        SH:  4    Dex: 15    Spells: 2/8 levels left

rFire    . . .     SeeInvis .   a - +0 falchion
rCold    . . .     Gourm    .   (shield restricted)
rNeg     . . .     Faith    .   r - +2 robe
rPois    .         Spirit   .   (no helmet)
rElec    .         Reflect  .   (no cloak)
rCorr    .         Harm     .   k - +0 pair of gloves
MR       .....                  p - +0 pair of boots
Stlth    +.........             (no amulet)
HPRegen  0.13/turn              (no ring)
MPRegen  0.11/turn              (no ring)

@: lethally poisoned (0 -> -3), infused
A: small, large bone plates 1, mutation resistance 1, sense surroundings 1
a: no special abilities


You were on level 4 of the Dungeon.
You were not hungry.

You visited 1 branch of the dungeon, and saw 4 of its levels.

You collected 158 gold pieces.

Inventory:

Hand Weapons
 a - a +0 falchion (weapon)
 j - a +0 flail
 s - a +2 shortbow of velocity
Missiles
 h - 121 stones (quivered)
Armour
 k - a +0 pair of gloves (worn)
 o - a +0 ring mail
 p - a +0 pair of boots (worn)
 r - a +2 robe (worn)
 v - a +0 chain mail
Scrolls
 e - a scroll of fear {unknown}
 i - a scroll of magic mapping {unknown}
 l - 2 scrolls of remove curse
 m - a scroll of random uselessness {unknown}
 n - a scroll of fog {unknown}
 q - a scroll of blinking {unknown}
 u - a scroll of enchant weapon {unknown}
Comestibles
 d - 3 rations


   Skills:
 * Level 2.4 Fighting
 + Level 6.3 Long Blades
 - Level 0.4 Throwing
 - Level 1.2 Armour
 - Level 2.1 Dodging
 - Level 1.6 Spellcasting
 - Level 3.4 Charms


You had 2 spell levels left.
You knew the following spells:

 Your Spells              Type           Power        Failure   Level  Hunger
a - Infusion              Chrm           #...         8%          1    ##.....
b - Shroud of Golubria    Chrm/Tloc      #.........   22%         2    ###....
c - Spectral Weapon       Hex/Chrm       #.......     41%         3    ####...


Dungeon Overview and Level Annotations

Branches:
Dungeon (4/15)             Temple (0/1) D:4

Altars:

Portals:
Ossuary: D:4


Innate Abilities, Weirdness & Mutations

You are small and have problems with some larger weapons.
You are somewhat resistant to further mutation.
You are partially covered in large bone plates. (SH +4)
You passively map a small area around you.


Message History

You slash the gnoll!
The gnoll is severely wounded.
The adder completely misses you.
* * * LOW HITPOINT WARNING * * *
You feel sick.
The gnoll throws a throwing net.
The throwing net closely misses you. The gnoll hits you.
* * * LOW HITPOINT WARNING * * *
The gnoll completely misses you.
You riposte.
You completely miss the gnoll.
Your surroundings suddenly seem different.
* * * LOW HITPOINT WARNING * * *
You feel sick.
Found 14 gold pieces and a short ivory wand.
Found an escape hatch in the floor.
Found a sand-covered staircase.
* * * LOW HITPOINT WARNING * * *
You feel sick.
* * * LOW HITPOINT WARNING * * *
You feel sick.
A frilled lizard comes into view.
There is an escape hatch in the floor here.
You die...

.. ,#..8 , ,
#.l#####.. , ,
...#.....####.#
,
..............#
,,
............#
...#....###.# *
, ,,#....# *, ,
, #...># ,* * *
#...@# *
,#....# *, *
#./.$# ,*
###### * , * *


You could see a frilled lizard (sleeping).

Vanquished Creatures
  2 scorpions (D:4)
  A bullfrog skeleton (D:3)
  A centaur skeleton (D:4)
  Jessica (D:2)
  Terence (D:2)
  An orc wizard (D:3)
  2 adders (D:2)
  A gnoll (D:4)
  An adder skeleton (D:4)
  2 worms (D:3)
  The ghost of 4thArraOfDagon the Grasshopper, a weakling FoWr (D:3)
  4 dart slugs
  5 leopard geckos
  13 orcs
  6 bats
  2 giant cockroaches
  5 goblins
  5 hobgoblins
  9 kobolds
  3 ball pythons
  2 frilled lizards
  3 rats
71 creatures vanquished.

Notes
Turn   | Place    | Note
-------+----------+-------------------------------------------
     0 | D:1      | newphone the Halfling Skald began the quest for the Orb.
     0 | D:1      | Reached XP level 1. HP: 14/14 MP: 3/3
   231 | D:1      | Reached XP level 2. HP: 16/19 MP: 1/4
   256 | D:1      | Learned a level 2 spell: Shroud of Golubria
   483 | D:1      | Reached XP level 3. HP: 20/24 MP: 0/5
   650 | D:2      | Reached skill level 3 in Long Blades
   984 | D:2      | Noticed Terence
   997 | D:2      | Killed Terence
   997 | D:2      | Reached XP level 4. HP: 29/29 MP: 0/6
  1054 | D:2      | Found a faded altar of an unknown god.
  1086 | D:2      | Reached skill level 4 in Long Blades
  1757 | D:2      | Noticed Jessica
  1767 | D:2      | Killed Jessica
  1767 | D:2      | Reached XP level 5. HP: 5/34 MP: 4/7
  2391 | D:3      | Noticed 4thArraOfDagon's ghost (weakling FoWr)
  2398 | D:3      | Killed 4thArraOfDagon's ghost
  2415 | D:3      | Reached skill level 5 in Long Blades
  3502 | D:3      | Reached XP level 6. HP: 23/39 MP: 2/8
  4273 | D:4      | Reached skill level 6 in Long Blades
  4429 | D:4      | Learned a level 3 spell: Spectral Weapon
  4534 | D:4      | Gained mutation: You passively map a small area around you. [potion of mutation]
  4534 | D:4      | Gained mutation: You are partially covered in large bone plates. (SH +4) [potion of mutation]
  4556 | D:4      | Found a sand-covered staircase.
  4558 | D:4      | HP: 2/41 [poisoned by an adder]
  4562 | D:4      | Succumbed to an adder's poison

Vault maps used:
D:1:      arrival_zaba_pyramid
D:2:      chequers_ecumenical_altar_simple_redux, uniq_jessica, uniq_terence
D:4:      lemuel_temple_firewalk_a, first_ration,
          nicolae_ossuary_entry_monument, serial_bayou_pond_a

Skill      XL: |  1  2  3  4  5  6 |
---------------+-------------------+-----
Fighting       | 2 |  2.4
Long Blades    | 3 4 5 6 |  6.3
Throwing       | |  0.4
Armour         | |  1.2
Dodging        | |  2.1
Spellcasting   | |  1.6
Charms         | |  3.4

Action                   |  1- 3 |  4- 6 || total
-------------------------+-------+-------++-------
Melee: Falchion          |    63 |   244 ||   307
Throw: Stone             |    13 |    12 ||    25
 Cast: Infusion          |    10 |    23 ||    33
       Shroud of Golubri |     1 |     8 ||     9
  Use: Potion            |       |     5 ||     5
       Scroll            |       |     6 ||     6
 Stab: Sleeping          |     1 |       ||     1
  Eat: Chunk             |     1 |     3 ||     4
       Ration            |       |     4 ||     4
Armor: Leather armour    |    20 |    27 ||    47
       Skin              |       |    87 ||    87
       Robe              |       |     7 ||     7
Dodge: Dodged            |    64 |   154 ||   218
Block: Other             |       |     1 ||     1
       Rpst.: Falchion   |    17 |    43 ||    60

Table legend:
 A = Spawn XP
 B = Non-spawn XP
 C = Spawn XP percentage of total XP
 D = Spawn monster count
 E = Non-spawn monster count
 F = Spawn count percentage of total count
 G = Total turns spent on level
                    A         B        C        D         E        F      G
               +---------+---------+-------+---------+---------+-------+---------
         Total |       0 |     505 |   0.0 |       0 |      71 |   0.0 |  4562
               +---------+---------+-------+---------+---------+-------+---------
           D:1 |       0 |      32 |   0.0 |       0 |      17 |   0.0 |   612
           D:2 |       0 |     134 |   0.0 |       0 |      20 |   0.0 |  1778
           D:3 |       0 |     136 |   0.0 |       0 |      25 |   0.0 |  1778
           D:4 |       0 |     203 |   0.0 |       0 |       9 |   0.0 |   394
               +---------+---------+-------+---------+---------+-------+---------
